 Dungeon Crawl Stone Soup version 0.27.1 (webtiles) character file.

Game seed: 1884258627467497693

461524 soylentgreeen202 the Eclecticist (level 24, -42/226 HPs)
             Began as a Naga Conjurer on Aug 9, 2021.
             Was a High Priest of Ashenzari.
             Killed from afar by an ice dragon (64 damage)
             ... with a blast of cold
             ... on level 3 of the Depths on Aug 31, 2021.
             The game lasted 14:27:23 (91461 turns).

soylentgreeen202 the Eclecticist (Naga Conjurer)   Turns: 91461, Time: 14:27:25

Health: -42/226    AC: 48    Str: 15    XL:     24   Next: 49%
Magic:  16/46      EV: 11    Int: 34    God:    Ashenzari [*****.]
Gold:   1188       SH:  4    Dex: 17    Spells: 0/61 levels left

rFire    + + +     SeeInvis +   e - +10 war axe of the Fated Annoyance {flame, Will+ Stlth+, Cun, Elem} (curse)
rCold    x . .     Faith    .   W - -1 buckler "Sybil of the Cosmos" {rElec Int+7 SInv Stlth-, Melee, Elem} (curse)
rNeg     . . .     Spirit   .   w - +6 fire dragon scales
rPois    +         Reflect  .   V - +2 helmet of the Ruined Adversity {Cun, Elem} (curse)
rElec    +         Harm     .   h - +2 cloak of the Cursed Augur {Alch, Elem} (curse)
rCorr    .         Rampage  .   Q - +2 pair of gloves "Per Aspera Ad Scientiam" {Str+3, Melee, Range} (curse)
Will     ++++.     Clarity  +   L - +4 barding of the Wild Blue Yonder {rF+, Cun, Alch} (curse)
Stlth    +++.......             n - amulet "Enigmatic Annoyance" {Acrobat, Bglg, Self} (curse)
HPRegen  0.47/turn              g - ring of Ashenzari's Mistrust {Int+6, Melee, Bglg} (curse)
MPRegen  0.30/turn              b - ring of the Tortoise {AC+8, Evo, Bglg} (curse)

@: very slow
A: AC +8, large, see invisible, deformed body, poison resistance, slowness 2,
spit poison 1, naga tail 2
}: 2/15 runes: barnacled, gossamer
a: Spit Poison, Renounce Religion, Curse Item, Shatter the Chains


You were on level 3 of the Depths.
You worshipped Ashenzari.
Ashenzari was extremely pleased with you.
You visited 9 branches of the dungeon, and saw 43 of its levels.
You visited the Abyss 1 time.
You also visited: Sewer, Bailey and Ice Cave.

You collected 9070 gold pieces.
You spent 7882 gold pieces at shops.

Inventory:

Hand Weapons
 e - the cursed +10 war axe of the Fated Annoyance (weapon) {flame, Will+ Stlth+, Cun, Elem}
   (You found it on level 4 of the Vaults)

   It burns those it strikes, dealing additional fire damage.
   Big, fiery blades are also staple armaments of hydra-hunters.
   Will:      It increases your willpower.
   Stlth:     It makes you more stealthy.
   It has a curse which improves the following skills: Cunning: Dodging and
   Stealth.
   Elements:  Fire Magic, Ice Magic, Air Magic and Earth Magic.
 j - a +6 demon trident of freezing
 A - the +5 mace of the Shining Light {elec, *Slow rElec Dex+4}
   (You took it off a wizard on level 2 of the Vaults)

   It occasionally discharges a powerful burst of electricity upon striking a
   foe.
   Dex:       It affects your dexterity (+4).
   rElec:     It insulates you from electricity.
   *Slow:     It may slow you when you take damage.
 P - a +2 bardiche of holy wrath
Armour
 c - a +0 troll leather armour
 h - the cursed +2 cloak of the Cursed Augur (worn) {Alch, Elem}
   (You took it off Maurice on level 2 of the Orcish Mines)

   It has a curse which improves the following skills: Alchemy: Poison Magic and
   Transmutations.
   Elements:  Fire Magic, Ice Magic, Air Magic and Earth Magic.
 m - a +2 cloak
 w - +6 fire dragon scales (worn)
 L - the cursed +4 barding of the Wild Blue Yonder (worn) {rF+, Cun, Alch}
   (You acquired it on level 1 of the Lair of Beasts)

   It has a curse which improves the following skills: Cunning: Dodging and
   Stealth.
   Alchemy:   Poison Magic and Transmutations.
 Q - the cursed +2 pair of gloves "Per Aspera Ad Scientiam" (worn) {Str+3, Melee, Range}
   (You found it in an ice cave)

   It has a curse which improves the following skills: Melee Combat: Short
   Blades, Long Blades, Axes, Maces & Flails, Polearms, Staves and Unarmed
   Combat.
   Ranged Combat: Slings, Bows, Crossbows and Throwing.
 V - the cursed +2 helmet of the Ruined Adversity (worn) {Cun, Elem}
   (You found it on level 1 of the Shoals)

   It has a curse which improves the following skills: Cunning: Dodging and
   Stealth.
   Elements:  Fire Magic, Ice Magic, Air Magic and Earth Magic.
 W - the cursed -1 buckler "Sybil of the Cosmos" (worn) {rElec Int+7 SInv Stlth-, Melee, Elem}
   (You found it on level 9 of the Dungeon)

   Int:       It affects your intelligence (+7).
   rElec:     It insulates you from electricity.
   SInv:      It lets you see invisible.
   Stlth:     It makes you less stealthy.
   It has a curse which improves the following skills: Melee Combat: Short
   Blades, Long Blades, Axes, Maces & Flails, Polearms, Staves and Unarmed
   Combat.
   Elements:  Fire Magic, Ice Magic, Air Magic and Earth Magic.
Jewellery
 b - the cursed ring of the Tortoise (right hand) {AC+8, Evo, Bglg}
   (You found it on level 3 of the Elven Halls)

   [ring of protection]

   AC:        It affects your AC (+8).
   It has a curse which improves the following skills: Evocations: Evocations.
   Beguiling: Conjurations, Hexes and Translocations.
 g - the cursed ring of Ashenzari's Mistrust (left hand) {Int+6, Melee, Bglg}
   (You found it on level 1 of the Dungeon)

   [ring of intelligence]

   Int:       It affects your intelligence (+6).
   It has a curse which improves the following skills: Melee Combat: Short
   Blades, Long Blades, Axes, Maces & Flails, Polearms, Staves and Unarmed
   Combat.
   Beguiling: Conjurations, Hexes and Translocations.
 n - the cursed amulet "Enigmatic Annoyance" (around neck) {Acrobat, Bglg, Self}
   (You took it off Nessos on level 5 of the Lair of Beasts)

   [amulet of the acrobat]

   It increases your evasion while moving and waiting.
   It has a curse which improves the following skills: Beguiling: Conjurations,
   Hexes and Translocations.
   Introspection: Fighting and Spellcasting.
 p - the ring "Jeqits Moiq" {Fly Int+5}
   (You took it off a hell knight on level 3 of the Depths)

   [ring of flight]

   Int:       It affects your intelligence (+5).
   Fly:       It grants you flight.
 z - the amulet of Reigiuppa {RegenMP Int-3 Dex+6}
   (You found it in an ice cave)

   [amulet of magic regeneration]

   It increases your rate of magic regeneration.
   Int:       It affects your intelligence (-3).
   Dex:       It affects your dexterity (+6).
 B - a +6 ring of intelligence
 C - the amulet "Host" {rC+ Regen+}
   (You acquired it in a bailey)

   [amulet of regeneration]

   rC:        It protects you from cold.
   Regen:     It increases your rate of health regeneration.
 T - a ring of positive energy
Wands
 f - a wand of digging (19)
 x - a wand of paralysis (30)
 H - a wand of mindburst (15)
 K - a wand of charming (41)
 R - a wand of iceblast (28)
 X - a wand of polymorph (42)
 Z - a wand of acid (13)
Scrolls
 k - 8 scrolls of teleportation
 u - 9 scrolls of fear
 v - 7 scrolls of fog
 D - 2 scrolls of magic mapping
 G - a scroll of amnesia
 I - 2 scrolls of holy word
 J - a scroll of silence
 N - a scroll of summoning
 O - 2 scrolls of blinking
 U - 2 scrolls of immolation
Potions
 a - 2 potions of invisibility
 d - 3 potions of brilliance
 i - 12 potions of curing
 o - 2 potions of cancellation
 q - 6 potions of magic
 r - 7 potions of might
 s - 4 potions of heal wounds
 t - 3 potions of resistance
 y - a potion of ambrosia
 E - 3 potions of berserk rage
 F - 5 potions of haste
 S - 4 potions of flight
Miscellaneous
 l - a phial of floods (quivered)
 M - a condenser vane


   Skills:
 - Level 13.0(15.3) Fighting
 - Level 1.6(5.1) Long Blades
 - Level 10.7(16.4) Axes
 - Level 1.1(9.6) Maces & Flails
 - Level 9.1(16.0) Polearms
 - Level 8.3(14.3) Staves
 - Level 8.0 Armour
 - Level 9.4(14.4) Dodging
 - Level 5.5(10.6) Stealth
 - Level 4.0 Shields
 + Level 17.1(19.2) Spellcasting
 - Level 14.5(19.2) Conjurations
 - Level 14.6(19.3) Hexes
 - Level 14.5(19.2) Translocations
 - Level 0.8(3.8) Fire Magic
 - Level 7.2(13.3) Air Magic
 - Level 14.7(20.4) Earth Magic
 - Level 5.0(7.6) Evocations


You couldn't memorise any spells.
You knew the following spells:

 Your Spells              Type           Power      Damage    Failure   Level
a - Magic Dart            Conj           100%       1d8       0%          1
b - Disjunction           Tloc           52%        N/A       11%         8
c - Discord               Hex            52%        N/A       10%         8
d - Fulminant Prism       Conj/Hex       52%        3d23      0%          4
e - Iskenderun's Mystic   Conj/Tloc      100%       2d19      0%          4
f - Lightning Bolt        Conj/Air       48%        1d69      1%          5
g - Leda's Liquefaction   Hex/Erth       53%        N/A       0%          4
h - Swiftness             Air            89%        N/A       1%          3
i - Mephitic Cloud        Conj/Pois/Air  82%        N/A       1%          3
j - Blink                 Tloc           N/A        N/A       0%          2
k - Passage of Golubria   Tloc           N/A        N/A       0%          4
l - Lehudib's Crystal Sp  Conj/Erth      53%        10d12     9%          8
m - Iskenderun's Battles  Conj           100%       2d15      1%          5
n - Passwall              Tmut/Erth      67%        N/A       1%          2

Your spell library contained the following spells:

 Spells                   Type           Power      Damage    Failure   Level
 Apportation              Tloc           100%       N/A       0%          1
 Corona                   Hex            100%       N/A       0%          1
 Shock                    Conj/Air       100%       1d9       0%          1
 Searing Ray              Conj           100%       3d7       0%          2
 Slow                     Hex            100%       N/A       0%          2
 Static Discharge         Conj/Air       97%        N/A       0%          2
 Confusing Touch          Hex            100%       N/A       0%          3
 Dazzling Flash           Conj/Hex       100%       N/A       0%          3
 Gell's Gravitas          Tloc           52%        N/A       0%          3
 Lesser Beckoning         Tloc           52%        N/A       0%          3
 Portal Projectile        Hex/Tloc       100%       N/A       0%          3
 Stone Arrow              Conj/Erth      100%       3d13      0%          3
 Tukima's Dance           Hex            100%       N/A       0%          3
 Corpse Rot               Necr/Air       N/A        N/A       1%          2
 Ensorcelled Hibernation  Hex/Ice        100%       N/A       1%          2
 Inner Flame              Hex/Fire       84%        N/A       1%          3
 Summon Guardian Golem    Hex/Summ       78%        N/A       1%          3
 Animate Armour           Summ/Erth      100%       N/A       1%          4
 Sticky Flame             Conj/Fire      84%        2d10      1%          4
 Bolt of Magma            Conj/Fire/Erth 46%        4d19      1%          5
 Borgnjor's Vile Clutch   Necr/Erth      40%        N/A       1%          5
 Fireball                 Conj/Fire      42%        3d17      1%          5
 Irradiate                Conj/Tmut      39%        3d26      1%          5
 Lee's Rapid Deconstruct  Erth           53%        3d26*     1%          5
 Manifold Assault         Tloc           100%       N/A       1%          5
 Silence                  Hex/Air        48%        N/A       1%          5
 Yara's Violent Unravell  Hex/Tmut       39%        3d16      1%          5
 Conjure Ball Lightning   Conj/Air       48%        3x3d17    1%          6
 Invisibility             Hex            52%        N/A       1%          6
 Iron Shot                Conj/Erth      53%        9d10      1%          6
 Orb of Destruction       Conj           52%        9d16      1%          7
 Summon Lightning Spire   Summ/Air       67%        N/A       2%          4
 Beastly Appendage        Tmut           72%        N/A       3%          1
 Animate Skeleton         Necr           64%        N/A       4%          1
 Pain                     Necr           100%       1d9       4%          1
 Summon Small Mammal      Summ           100%       N/A       4%          1
 Wereblood                Tmut           36%        N/A       4%          2
 Starburst                Conj/Fire      42%        6d12      5%          6
 Call Imp                 Summ           32%        N/A       6%          2
 Sublimation of Blood     Necr           16%        N/A       6%          2
 Ignite Poison            Fire/Tmut/Pois 44%        N/A       6%          3
 Statue Form              Tmut/Erth      54%        N/A       9%          6
 Spider Form              Tmut/Pois      18%        N/A       10%         3
 Call Canine Familiar     Summ           32%        N/A       13%         3
 Vampiric Draining        Necr           16%        2d8       13%         3
 Animate Dead             Necr           16%        N/A       38%         4
 Dispel Undead            Necr           32%        3d14      38%         4
 Malign Gateway           Summ/Tloc      39%        N/A       56%         7
 Spellforged Servitor     Conj/Summ      39%        N/A       56%         7
 Alistair's Intoxication  Tmut/Pois      24%        N/A       67%         5
 Blade Hands              Tmut           18%        N/A       67%         5
 Shatter                  Erth           53%        3d40*     69%         9
 Excruciating Wounds      Necr           16%        N/A       75%         5
 Maxwell's Capacitive Co  Air            44%        ∞         75%         8
 Storm Form               Tmut/Air       34%        N/A       90%         7
 Eringya's Noxious Bog    Tmut/Pois      18%        N/A       99%         6
 Chain Lightning          Conj/Air       48%        3d64      99%         9
 Death Channel            Necr           16%        N/A       100%        6
 Shadow Creatures         Summ           N/A        N/A       100%        6
 Dragon Form              Tmut           18%        N/A       100%        7
 Summon Hydra             Summ           16%        N/A       100%        7
 Ignition                 Fire           28%        3d9       100%        8
 Necromutation            Tmut/Necr      17%        N/A       100%        8
 Fire Storm               Conj/Fire      42%        8d11      100%        9


Dungeon Overview and Level Annotations

Branches:
Dungeon (15/15)            Temple (0/1) D:7            Lair (6/6) D:8
 Shoals (4/4) Lair:2       Spider (4/4) Lair:4        Slime (0/5) Lair:6
    Orc (2/2) D:11            Elf (3/3) Orc:2        Vaults (5/5) D:14
  Crypt (0/3) Vaults:2     Depths (3/5) D:15           Hell (visited)
  Sewer (visited)          Bailey (visited)           IceCv (visited)
    Dis: Hell:1         Geh: Hell:1         Coc: Hell:1         Tar: Hell:1

Altars:
Ashenzari
Gozag
Hepliaklqana
Makhleb
Okawaru
Trog
Yredelemnul
Jiyva
Lugonu

Shops:
D:3 ?   D:9 [?!*   Orc:2 (?:[(   Elf:1 [   Elf:2 ?!!=*   Shoals:2 (
Shoals:3 [   Vaults:3 [   Vaults:4 *[   Depths:1 =:=   Depths:3 (

Portals:
Hell: Depths:1 Depths:2 Depths:3
Trove: Vaults:4 (give 12 potions of heal wounds)

Annotations:
D:6 exclusion: lemure
D:9 exclusion: obsidian statue
D:13 2 transporters, qdestroyer's ghost, journeyman MiFi
D:14 test
Lair:4 exclusions: downstairs and 1 more exclusion
Lair:6 1 runed translucent door
Spider:1 exclusion: downstairs
Vaults:3 exclusions: 2 doors, downstairs and 3 more exclusions
Vaults:4 exclusions: door, 2 downstairs and 4 more exclusions, Mennas
Hell Geryon


Innate Abilities, Weirdness & Mutations

Your serpentine skin is tough. (AC +8)
You have supernaturally acute eyesight. (SInv)
Armour fits poorly on your strangely shaped body.
Your system is resistant to poisons. (rPois)
You cover ground very slowly.
You can spit poison.
You can use your snake-like lower body to constrict enemies.


Message History

Casting: Passage of Golubria (safe; 0% risk of failure)
Confirm with . or Enter, or press ? or * to list all spells.
You don't know that spell.
Unknown command.
Casting: Passage of Golubria (safe; 0% risk of failure)
Confirm with . or Enter, or press ? or * to list all spells.
Okay, then.
Blink to where?
Press: ? - help, Dir - move target
As you read the scroll of blinking, it crumbles to dust.
The frost giant enters the passage of Golubria.
As you read the scroll of fog, it crumbles to dust.
The scroll dissolves into smoke.
There is an open door here.
You are no longer corroded.
You open the door.
There is an open door here.
You close the door.
Something unseen opens the door.
The ice dragon breathes frost at you.
The blast of cold hits you but does no damage.
Casting: Passage of Golubria (safe; 0% risk of failure)
Confirm with . or Enter, or press ? or * to list all spells.
Aiming: Fulminant Prism (safe; 0% risk of failure)
Press: ? - help, Dir - move target You conjure a prism of explosive energy!
A fulminant prism comes into view.
Your fulminant prism crackles loudly.
Your fulminant prism explodes!
The blast of energy engulfs the ice dragon!!
The ice dragon is heavily wounded.
Casting: Fulminant Prism (safe; 0% risk of failure)
Confirm with . or Enter, or press ? or * to list all spells.
Aiming: Fulminant Prism (safe; 0% risk of failure)
Press: ? - help, Dir - move target You conjure a prism of explosive energy!
A fulminant prism comes into view.
The ice dragon breathes frost at you. The blast of cold hits you!!!
You feel a terrible chill!
You die...

####.#.##.#...§≈§........).≈≈§)..
####.#.##)#...§≈≈§......§.≈§≈§...
.###.#.##.#....≈≈≈§......§≈≈≈....
.###.#.##.#....≈≈≈§≈≈..§§≈≈≈§§...
.....#.##.##....≈≈≈≈§§≈§≈≈≈≈.§..#
####.......###....≈§≈≈≈§≈≈....###
####..###....####..........####..
####..###.......############.....
####..###.......@.D..............
####..###.##.#.................##
......###.##.#.≈≈*≈............##
.###.>###.##.#.≈##≈....T.......##
.###..###.##.#.≈##≈............##
.###..###.##.+.≈≈≈≈...#####'#####
'###..###.####........#####{T..T.
..##..###.####........#####D#####
..##..###.####....(...+.....#####


You could see an ice dragon (catching breath, ally target), an iron troll and a
friendly fulminant prism.

Vanquished Creatures
  A juggernaut (Depths:2)
  Bai Suzhen (Shoals:3)
  A titan (Depths:2)
  3 deep elf master archers (Elf:3)
  The ghost of frimble the Brawler, an adept TrWr of Cheibriados (Elf:3)
  2 deep elf blademasters
  An ancient champion (Vaults:2)
  6 krakens
  3 sphinxes
  Agnes (D:15)
  A shadow dragon (Depths:2)
  Frances (D:13)
  Donald (Vaults:4)
  3 tengu reavers
  3 frost giants (Depths:1)
  Ilsuiw (Shoals:3)
  5 orc warlords
  2 fire giants
  12 vault wardens
  7 deep elf sorcerers
  Louise (Spider:2)
  3 ghost moths
  6 emperor scorpions
  2 spriggan defenders
  4 deep elf elementalists (Elf:3)
  13 ironbound preservers
  11 very ugly things
  12 stone giants
  4 war gargoyles
  5 deep elf demonologists
  Nessos (Lair:5)
  Azrael (D:11)
  5 deep elf annihilators
  2 spark wasps
  The ghost of SnakkuSnakku7 the Severer, a journeyman VSBe of Trog (Depths:1)
  5 dire elephants
  Snorg (Lair:3)
  5 entropy weavers
  A minotaur (Elf:3)
  An eidolon (Vaults:2)
  6 deep elf death magi
  8 ettins
  8 merfolk impalers
  9 yaktaur captains
  4 merfolk javelineers
  9 fire dragons
  5 deep elf high priests
  4 great orbs of eyes
  A jiangshi (Vaults:2)
  Harold (D:11)
  An ice dragon (Depths:3)
  3 rakshasas
  Fannar (D:10)
  A naga warrior (Elf:3)
  5 spriggan air magi
  2 hell beasts (Depths:3)
  6 boulder beetles
  10 hydras
  Erolcha (D:11)
  A vault guard (Vaults:4)
  A juggernaut simulacrum (Depths:2)
  2 death knights (D:11)
  6 ironbound thunderhulks
  4 peacekeepers
  A catoblepas (Lair:6)
  A caustic shrike simulacrum (IceCv)
  3 merfolk avatars
  22 centaur warriors
  3 ogre magi
  Erica (Lair:2)
  11 ironbound frosthearts
  10 two-headed ogres
  30 dancing weapons
  5 merfolk aquamancers
  4 tengu warriors
  A satyr (Shoals:3)
  4 alligator snapping turtles
  7 deep troll shamans
  9 death yaks
  4 hell hogs (Depths:3)
  4 hell knights (Depths:3)
  4 deep troll earth magi (Depths:3)
  A vampire mage (Depths:3)
  7 ironbound beastmasters
  A spriggan berserker (Depths:3)
  2 sun demons (Depths:3)
  16 deep elf knights
  Sonja (D:11)
  4 iron trolls
  A golden dragon zombie (Depths:2)
  The ghost of Myro the Covert, a novice VSHu of Fedhas (Lair:1)
  11 sea snakes
  4 glowing orange brains
  A kraken simulacrum (Shoals:4)
  41 deep trolls
  10 ironbound convokers
  4 lindwurms
  13 wizards
  28 harpies
  2 orange crystal statues (IceCv)
  Pikel (D:6)
  10 orc knights
  31 deep elf pyromancers
  16 deep elf archers
  6 necromancers
  17 orb spiders
  3 tengu skeletons
  An orc sorcerer (D:15)
  24 deep elf zephyrmancers
  13 manticores
  32 wolf spiders
  13 fauns
  60 ugly things
  2 stone giant zombies
  2 moths of wrath
  10 cyclopes
  An elf zombie (Vaults:1)
  A fire giant skeleton (Depths:2)
  16 merfolk sirens
  Maurice (Orc:2)
  4 elephants (Lair:5)
  A worldbinder (Abyss:2)
  A stone giant skeleton (Vaults:1)
  16 vault sentinels
  A black mamba (shapeshifter) (Elf:2)
  7 water nymphs
  4 black mambas
  3 molten gargoyles (Lair:6)
  9 cane toads
  A frost giant skeleton (Vaults:4)
  An ice statue (Shoals:3)
  6 smoke demons
  4 gargoyles
  A torpor snail (Spider:2)
  13 komodo dragons
  A yaktaur zombie (Vaults:1)
  28 yaktaurs
  2 kobold demonologists (Bailey)
  4 rime drakes
  2 efreet
  16 demonic crawlers
  A rime drake (shapeshifter) (Vaults:4)
  4 freezing wraiths
  5 golden dragon simulacra (IceCv)
  2 tengu conjurers
  2 anaconda simulacra (IceCv)
  7 polar bears
  A troll (shapeshifter) (D:13)
  12 trolls
  32 jumping spiders
  7 wind drakes
  16 hornets
  13 blink frogs
  51 merfolk
  33 slime creatures
  A sphinx simulacrum (Vaults:4)
  18 dream sheep
  6 snapping turtles
  An ettin zombie (Depths:2)
  6 air elementals
  2 spriggans (Depths:3)
  A shadow (D:12)
  18 water elementals
  4 wraiths
  A dire elephant simulacrum (IceCv)
  62 redbacks
  96 yaks
  6 wyverns
  21 tarantellas
  5 fire elementals
  Grum (D:11)
  A basilisk (Lair:6)
  2 small abominations (D:12)
  A steam dragon (Lair:4)
  An ogre zombie (Vaults:4)
  2 vampire mosquitoes (D:14)
  An acid dragon (D:12)
  3 large abominations (D:12)
  Edmund (D:6)
  4 hydra simulacra (IceCv)
  4 wargs
  19 water moccasins
  11 hell hounds
  A swamp drake (D:11)
  An ice beast (D:5)
  A floating eye (shapeshifter) (Depths:3)
  An ice beast (shapeshifter) (D:12)
  4 black bears
  32 orc warriors
  2 hornet zombies
  2 sky beasts
  An alligator simulacrum (IceCv)
  3 ettin simulacra
  5 boggarts (Vaults:2)
  3 necrophages
  21 ogres
  12 centaurs
  19 wolves
  4 lemures (D:6)
  5 kobold brigands
  Blork the orc (D:7)
  13 bullfrogs
  2 gnoll sergeants
  5 earth elementals
  6 scorpions
  A water moccasin skeleton (D:4)
  A lindwurm simulacrum (IceCv)
  6 killer bees (D:9)
  15 electric eels
  5 wights
  5 howler monkeys
  2 bullfrog zombies
  5 lava snakes (Lair:6)
  2 centaur zombies
  13 orc priests
  A hound (D:5)
  A jelly (D:6)
  2 centaur skeletons
  3 iguanas
  23 orc wizards
  A killer bee zombie (D:5)
  2 howler monkey zombies
  12 gnolls
  11 adders
  4 river rats
  A shadow imp (D:5)
  2 white imps
  2 ufetubi
  10 worms
  A dart slug (D:2)
  80 orcs
  6 ball pythons
  7 endoplasms
  6 giant cockroaches
  14 goblins
  9 hobgoblins
  6 jackals
  4 quokkas
  2 bats (D:1)
  6 frilled lizards
  21 kobolds
  6 rats
  2 fulminant prisms
  18 tentacles
1843 creatures vanquished.

Vanquished Creatures (collateral kills)
  A wizard (Vaults:2)
  4 ugly things (Vaults:2)
5 creatures vanquished.

Vanquished Creatures (others)
  A lich (Depths:3)
  A stone giant (Depths:2)
  A merfolk javelineer (Shoals:2)
  An ice dragon (Depths:2)
  An ugly thing (Vaults:2)
  A jumping spider (Spider:4)
  A merfolk (Shoals:2)
  An orc wizard (D:11)
  468 fulminant prisms
  72 fungi
  193 plants
  46 tentacles
787 creatures vanquished.

Grand Total: 2635 creatures vanquished

Notes
Turn   | Place    | Note
-------+----------+-------------------------------------------
     0 | D:1      | soylentgreeen202 the Naga Conjurer began the quest for the
                  | Orb.
     0 | D:1      | Reached XP level 1. HP: 15/15 MP: 3/3
   370 | D:1      | Found a faded altar of an unknown god.
   473 | D:1      | Became a worshipper of Ashenzari the Shackled
   644 | D:1      | Reached XP level 2. HP: 22/22 MP: 3/5
   890 | D:1      | Learned a level 2 spell: Searing Ray
  1467 | D:2      | Reached XP level 3. HP: 28/28 MP: 2/6
  1467 | D:2      | Reached * piety under Ashenzari
  1972 | D:2      | Reached skill level 5 in Conjurations
  2005 | D:2      | Reached skill level 1 in Fighting
  2005 | D:2      | Reached XP level 4. HP: 39/39 MP: 2/8
  2068 | D:2      | Learned a level 3 spell: Dazzling Flash
  3011 | D:3      | Found a basalt altar of Yredelemnul.
  3061 | D:3      | Found Asorolue's Magic Scroll Shop.
  3066 | D:3      | Bought a scroll of teleportation for 39 gold pieces
  3562 | D:4      | Reached skill level 1 in Hexes
  3562 | D:4      | Reached XP level 5. HP: 45/45 MP: 2/9
  3797 | D:4      | Reached XP level 6. HP: 46/52 MP: 2/10
  3904 | D:4      | Learned a level 4 spell: Fulminant Prism
  3972 | D:3      | Reached ** piety under Ashenzari
  4358 | D:4      | Reached skill level 1 in Axes
  4575 | D:4      | Reached XP level 7. HP: 46/60 MP: 1/11
  4823 | D:5      | Entered Level 5 of the Dungeon
  5049 | D:5      | Found a glowing drain.
  5053 | Sewer    | Entered a sewer
  6191 | D:5      | Reached XP level 8. HP: 68/68 MP: 10/13
  6328 | D:5      | Reached skill level 3 in Spellcasting
  6424 | D:5      | Reached *** piety under Ashenzari
  6873 | D:6      | Noticed Edmund
  6895 | D:6      | Killed Edmund
  6896 | D:6      | Reached skill level 5 in Stealth
  7315 | D:6      | Reached skill level 5 in Hexes
  7337 | D:6      | Noticed Pikel
  8109 | D:7      | Reached skill level 5 in Axes
  8119 | D:7      | Reached XP level 9. HP: 76/78 MP: 10/16
  8334 | D:7      | Noticed Blork the orc
  8668 | D:7      | Reached **** piety under Ashenzari
  9163 | D:7      | Found a staircase to the Ecumenical Temple.
  9612 | D:8      | Found a staircase to the Lair.
 10114 | D:8      | Learned a level 4 spell: Iskenderun's Mystic Blast
 11082 | D:6      | Killed Pikel
 11083 | D:6      | Reached XP level 10. HP: 86/87 MP: 2/18
 11374 | Lair:1   | Entered Level 1 of the Lair of Beasts
 11786 | Lair:1   | Reached skill level 4 in Spellcasting
 11944 | Lair:1   | Noticed Myro's ghost (novice VSHu)
 11974 | Lair:1   | Noticed a black mamba
 11979 | Lair:1   | Killed a black mamba
 12063 | Lair:1   | S
 12102 | Lair:1   | Found a runed translucent door.
 12114 | Lair:1   | Killed Myro's ghost
 12115 | Lair:1   | Reached skill level 5 in Fighting
 12115 | Lair:1   | Reached skill level 5 in Spellcasting
 12264 | Lair:1   | Identified a scroll of acquirement
 12267 | Lair:1   | Acquired a +1 barding of fire resistance
 12574 | Lair:1   | Reached skill level 5 in Dodging
 13014 | Lair:1   | Noticed a seven-headed hydra
 13024 | Lair:1   | Killed a seven-headed hydra
 13025 | Lair:1   | Reached XP level 11. HP: 71/103 MP: 6/23
 13029 | Lair:1   | Learned a level 3 spell: Stone Arrow
 13765 | Lair:2   | Reached skill level 1 in Armour
 13765 | Lair:2   | Reached skill level 1 in Earth Magic
 14176 | Lair:2   | Identified the +1 ring mail of the Evil One {rPois}
 14852 | D:7      | Killed Blork the orc
 14853 | D:7      | Reached skill level 6 in Spellcasting
 15047 | Lair:2   | Noticed Erica
 15583 | Lair:2   | Noticed a five-headed hydra
 15590 | Lair:2   | Killed a five-headed hydra
 15591 | Lair:2   | Reached skill level 7 in Spellcasting
 15855 | Lair:2   | Found a hazy altar of Hepliaklqana.
 15951 | Lair:2   | Found a staircase to the Shoals.
 15958 | Lair:2   | Killed Erica
 16114 | Lair:2   | Reached skill level 8 in Spellcasting
 16774 | Lair:3   | Reached skill level 9 in Spellcasting
 16774 | Lair:3   | Reached XP level 12. HP: 104/104 MP: 10/25
 17066 | Lair:3   | Noticed Snorg
 17072 | Lair:3   | Noticed a five-headed hydra
 17081 | Lair:3   | Killed Snorg
 17529 | Lair:2   | Killed a five-headed hydra
 17530 | Lair:2   | Reached skill level 10 in Spellcasting
 18012 | Lair:3   | Learned a level 4 spell: Leda's Liquefaction
 18040 | Lair:3   | Learned a level 5 spell: Fireball
 18380 | Lair:2   | Noticed a four-headed hydra
 18395 | Lair:2   | Killed a four-headed hydra
 18404 | Lair:2   | Learned a level 3 spell: Mephitic Cloud
 18777 | Lair:3   | Reached skill level 5 in Earth Magic
 19317 | D:9      | Found Fohips's Assorted Antiques.
 19893 | D:9      | Found Cetsury's Distillery.
 20298 | D:9      | Found Nuj Othoi's Antique Armour Shoppe.
 20342 | D:9      | Noticed a two-headed ogre
 20348 | D:9      | Killed a two-headed ogre
 20530 | D:9      | Found Qaffysumewk's Magic Scroll Boutique.
 20539 | D:9      | Bought a scroll of acquirement for 728 gold pieces
 20540 | D:9      | Acquired a +0 pair of gloves of strength
 20651 | D:9      | Identified the -1 buckler "Keigeling" {rElec Int+7 SInv
                  | Stlth-}
 20963 | D:9      | Reached skill level 1 in Shields
 21042 | D:10     | Entered Level 10 of the Dungeon
 21210 | D:10     | Found a flagged portal.
 21217 | Bailey   | Entered a bailey
 21741 | Bailey   | Found an iron altar of Okawaru.
 21842 | Bailey   | Gained mutation: You can use your snake-like lower body to
                  | constrict enemies. [Naga growth]
 21842 | Bailey   | Reached XP level 13. HP: 105/117 MP: 28/28
 22626 | Bailey   | Acquired the Incunabulum of Displacement
 22631 | Bailey   | Learned a level 2 spell: Blink
 22636 | Bailey   | Learned a level 4 spell: Passage of Golubria
 22719 | Bailey   | Reached skill level 1 in Translocations
 22782 | Bailey   | Acquired the amulet "Host" {rC+ Regen+}
 23356 | Lair:3   | Reached skill level 1 in Long Blades
 23356 | Lair:3   | Reached skill level 1 in Evocations
 24307 | Lair:4   | Found a hole to the Spider Nest.
 25009 | Lair:4   | Acquired a staff of conjuration
 26118 | D:10     | Reached skill level 1 in Staves
 26133 | D:10     | Noticed Fannar
 27365 | Lair:4   | Reached skill level 5 in Staves
 27547 | Lair:5   | Noticed Nessos
 27870 | Lair:5   | Killed Nessos
 27871 | Lair:5   | Reached XP level 14. HP: 89/121 MP: 8/28
 28491 | Lair:6   | Entered Level 6 of the Lair of Beasts
 29420 | Lair:6   | Reached skill level 11 in Spellcasting
 29932 | D:10     | Killed Fannar
 30411 | D:11     | Noticed Sonja
 30421 | D:11     | Killed Sonja
 30625 | D:11     | Reached skill level 12 in Spellcasting
 30809 | D:11     | Noticed Harold
 30812 | D:11     | Killed Harold
 31127 | D:11     | Noticed Grum
 31134 | D:11     | Killed Grum
 31160 | D:11     | Found a staircase to the Orcish Mines.
 31371 | D:11     | Noticed Erolcha
 32065 | Orc:1    | Entered Level 1 of the Orcish Mines
 32920 | Orc:2    | Entered Level 2 of the Orcish Mines
 32939 | Orc:1    | Reached ***** piety under Ashenzari
 33306 | Orc:2    | Found Saorr's Antique Weapon Emporium.
 33408 | Orc:2    | Noticed an orc warlord
 33419 | Orc:2    | Reached skill level 10 in Conjurations
 33425 | Orc:2    | Killed an orc warlord
 33426 | Orc:2    | Reached XP level 15. HP: 121/135 MP: 4/33
 33939 | Orc:2    | Noticed Maurice
 33964 | Orc:2    | Killed Maurice
 34014 | Orc:2    | Found a staircase to the Elven Halls.
 34830 | Orc:2    | Found Saraelow's Antique Armour Shoppe.
 34833 | Orc:2    | Found Goaleco's Book Shoppe.
 34837 | Orc:2    | Found Fapp's Magic Scroll Boutique.
 34846 | Orc:2    | Found Dasesih's Weapon Emporium.
 34862 | Orc:2    | Bought a scroll of enchant armour for 105 gold pieces
 34862 | Orc:2    | Bought a scroll of enchant armour for 105 gold pieces
 34868 | Orc:2    | Bought a runed scarf for 208 gold pieces
 35496 | Lair:6   | Found a staircase to the Slime Pits.
 35496 | Lair:6   | Noticed an acid blob
 35496 | Lair:6   | Noticed an acid blob
 35498 | Lair:6   | Found a viscous altar of Jiyva.
 35507 | Lair:6   | Found a runed translucent door.
 35761 | Lair:6   | Reached skill level 5 in Evocations
 35762 | Lair:6   | Reached skill level 10 in Earth Magic
 36253 | Lair:6   | Reached ****** piety under Ashenzari
 37154 | Lair:6   | Found a large runed translucent door.
 37154 | Lair:6   | Found a large runed translucent door.
 37634 | D:12     | Identified the +1 chain mail of Good Intentions {Will+
                  | Slay+2}
 37795 | D:12     | Found a transporter.
 37798 | D:12     | Found a corrupted altar of Lugonu.
 37929 | D:12     | Noticed Azrael
 37946 | D:11     | Killed Azrael
 38194 | D:11     | Cast into level 2 of the Abyss (Erolcha)
 38215 | Abyss:2  | Paralysed by an air elemental for 1 turns
 38309 | Abyss:2  | Noticed a tentacled monstrosity
 38349 | D:11     | Escaped the Abyss
 38368 | D:11     | Killed Erolcha
 38753 | D:3      | Bought a scroll of enchant armour for 97 gold pieces
 39226 | D:12     | Reached XP level 16. HP: 150/152 MP: 32/36
 39571 | D:12     | Found a transporter.
 40110 | D:13     | Learned a level 1 spell: Apportation
 40602 | D:13     | Learned a level 5 spell: Iskenderun's Battlesphere
 41282 | D:13     | Found a transporter.
 41284 | D:13     | Found a transporter.
 42086 | D:13     | Found a bloodstained altar of Trog.
 42088 | D:13     | Noticed qdestroyer's ghost (journeyman MiFi)
 42139 | D:13     | Noticed Frances
 42148 | D:13     | Killed Frances
 43801 | D:14     | Identified the +0 helmet "Ziasteq" {Int+3 Dex+2}
 44217 | D:14     | Found a gate to the Vaults.
 45108 | D:4      | You fall into a shaft and drop 2 floors!
 45379 | D:15     | Entered Level 15 of the Dungeon
 46019 | D:15     | Found a staircase to the Depths.
 46024 | D:15     | Noticed Agnes
 46030 | D:15     | Killed Agnes
 46852 | Shoals:1 | Entered Level 1 of the Shoals
 47001 | Spider:1 | Entered Level 1 of the Spider Nest
 47590 | Spider:1 | Reached XP level 17. HP: 122/159 MP: 15/37
 48179 | Spider:2 | Learned a level 8 spell: Lehudib's Crystal Spear
 48254 | Spider:2 | Noticed Louise
 48370 | Spider:2 | Identified the Disquisition on Air
 48553 | Spider:2 | Killed Louise
 49231 | Spider:3 | Identified the +8 trident of Gallantry {venom, Str+2 Int+3
                  | Dex-4}
 49294 | Spider:4 | Entered Level 4 of the Spider Nest
 49957 | Spider:3 | Reached skill level 13 in Spellcasting
 51166 | Spider:3 | HP: 6/164 [wolf spider (28)]
 51376 | Spider:4 | Reached XP level 18. HP: 160/172 MP: 3/40
 51665 | Spider:4 | Reached skill level 10 in Fighting
 51976 | Spider:4 | Got a gossamer rune of Zot
 52351 | Elf:1    | Entered Level 1 of the Elven Halls
 52464 | Elf:1    | Learned a level 2 spell: Passwall
 52992 | Orc:2    | Bought a pair of glowing gloves for 195 gold pieces
 54969 | Shoals:2 | Found Soko's Antique Weapon Shop.
 55985 | Shoals:2 | Learned a level 1 spell: Corona
 56254 | Shoals:2 | Reached skill level 5 in Translocations
 56694 | Elf:1    | Found Ribu's Antique Armour Shoppe.
 57141 | Elf:1    | Identified Sif Muna's Handbook of Creative Conjuration
 57406 | Elf:1    | Found the +5 sword of Power {vorpal}
 57513 | Elf:1    | Found a burning altar of Makhleb.
 58014 | Elf:2    | Reached XP level 19. HP: 162/188 MP: 41/41
 58042 | Elf:2    | Found Umoukkyo's Jewellery Emporium.
 58082 | Elf:2    | Found Usuribetz's Distillery.
 58219 | Elf:2    | Found Weamoq's Magic Scroll Emporium.
 58226 | Elf:2    | Bought a scroll of enchant armour for 105 gold pieces
 58505 | Shoals:2 | Reached skill level 10 in Translocations
 59402 | Elf:2    | Found Tass's Distillery.
 59522 | Elf:2    | Found Ytelad's General Store.
 59695 | Elf:2    | Found a runed translucent gate.
 59695 | Elf:2    | Found a runed translucent gate.
 59695 | Elf:2    | Found a runed translucent gate.
 60853 | Shoals:2 | Reached skill level 10 in Hexes
 61187 | Shoals:3 | Found a frozen archway.
 61249 | IceCv    | Entered an ice cave
 61808 | IceCv    | Identified the amulet of Reigiuppa {RegenMP Int-3 Dex+6}
 61808 | IceCv    | Identified Sif Muna's Reference Book on Ignition and Clay
 61920 | Shoals:4 | Entered Level 4 of the Shoals
 62148 | Shoals:3 | Reached XP level 20. HP: 189/194 MP: 32/41
 62761 | Spider:2 | Learned a level 8 spell: Discord
 62935 | Shoals:3 | Noticed Ilsuiw
 62954 | Shoals:3 | Killed Ilsuiw
 63365 | Shoals:3 | Noticed Bai Suzhen
 63693 | Elf:3    | Entered Level 3 of the Elven Halls
 64186 | Elf:3    | Paralysed by an air elemental for 1 turns
 64405 | Elf:3    | Found a runed translucent gate.
 64406 | Elf:3    | Found a runed translucent gate.
 64407 | Elf:3    | Found a runed translucent gate.
 64408 | Elf:3    | Noticed frimble's ghost (adept TrWr)
 64668 | Elf:3    | Found an iron altar of Okawaru.
 64670 | Elf:3    | Identified the -4 cloak of Wonder {Rampage rElec Dex-3
                  | Slay-5}
 64805 | Elf:3    | Identified the +8 chain mail of Ciquifrau {MP+9 Str-2 Dex+4
                  | SInv}
 64832 | Elf:3    | Found the ring of the Tortoise {AC+8}
 65416 | Elf:3    | Identified the +6 glaive "Udaschoc" {freeze, Contam Will+
                  | SInv}
 65819 | Elf:3    | Reached skill level 14 in Spellcasting
 66092 | Elf:3    | Identified the Collected Works on the Earthen Arsonist
 66092 | Elf:3    | Identified the Compendium of the Salamander
 66093 | Elf:3    | Identified the +4 falchion of Invincibility {flame, +Blink}
 66141 | Elf:3    | Identified Hoent's Catalogue of Transmigration
 66489 | D:8      | Learned a level 8 spell: Disjunction
 66700 | Depths:1 | Entered Level 1 of the Depths
 66712 | Depths:1 | Found a runed translucent gate.
 66713 | Depths:1 | Found a runed translucent gate.
 66716 | Depths:1 | Found a runed translucent gate.
 66717 | Depths:1 | Noticed SnakkuSnakku7's ghost (journeyman VSBe)
 66790 | Vaults:1 | Entered Level 1 of the Vaults
 67355 | Vaults:1 | Upgraded the game from 0.27.0-1-g7a089689b8 to
                  | 0.27.0-66-gdc8fb28755
 67362 | Vaults:1 | Reached skill level 15 in Spellcasting
 67362 | Vaults:1 | Reached XP level 21. HP: 201/201 MP: 31/43
 68881 | Vaults:1 | Reached skill level 16 in Spellcasting
 71991 | Vaults:2 | Learned a level 5 spell: Lightning Bolt
 72013 | Vaults:2 | Identified the +5 mace of the Shining Light {elec, *Slow
                  | rElec Dex+4}
 72014 | Vaults:2 | Reached skill level 1 in Air Magic
 72044 | Vaults:2 | Reached XP level 22. HP: 186/211 MP: 18/46
 72807 | Vaults:2 | Reached skill level 5 in Air Magic
 72898 | Vaults:2 | Found a staircase to the Crypt.
 73695 | Shoals:2 | Acquired a +5 spectral lajatang
 73715 | Shoals:3 | Killed Bai Suzhen
 73987 | Shoals:2 | Upgraded the game from 0.27.0-66-gdc8fb28755 to 0.27.1
 74135 | Shoals:3 | Found Gissop Wual's Armour Emporium.
 75048 | Shoals:4 | Learned a level 3 spell: Swiftness
 75114 | Shoals:4 | Identified the +1 triple crossbow of Truncation {vorpal,
                  | rC+ rN+ Will+ Stlth+}
 75295 | Shoals:4 | Identified Sif Muna's Catalogue of Fiery Evil
 75843 | Shoals:4 | Got a barnacled rune of Zot
 77352 | Vaults:3 | Reached skill level 1 in Polearms
 77392 | Vaults:3 | Found Xeafoqei's Armour Emporium.
 78088 | Vaults:2 | Reached skill level 5 in Polearms
 79470 | Vaults:3 | Noticed a golden dragon
 80215 | Vaults:4 | Found a portal to a secret trove of treasure.
 80220 | Vaults:4 | Identified the +10 war axe of Defence by Offence {flame,
                  | Will+ Stlth+}
 80373 | Vaults:4 | Reached XP level 23. HP: 173/214 MP: 31/45
 80738 | Vaults:4 | Noticed Mennas
 80787 | Vaults:4 | Noticed Donald
 80797 | Vaults:4 | Killed Donald
 81465 | Vaults:4 | Found Gozag's Assorted Antiques.
 81529 | Vaults:4 | Found an opulent altar of Gozag.
 81532 | Vaults:4 | Found Gozag's Assorted Antiques.
 81544 | Vaults:4 | Found Gozag's Antique Armour Emporium.
 83014 | Elf:3    | Reached skill level 10 in Axes
 83234 | Elf:3    | Killed frimble's ghost
 83811 | Depths:1 | Killed SnakkuSnakku7's ghost
 84037 | Depths:1 | Found Gesm's Book Shoppe.
 84038 | Depths:1 | Found Amestrumm's Jewellery Boutique.
 84038 | Depths:1 | Found Semiz's Jewellery Boutique.
 84268 | Depths:1 | Found a gateway to Hell.
 84797 | Depths:1 | Identified the +1 robe "Qaloem Yzxao" {rC+ rN+ Int+4}
 85671 | Hell     | Entered the Vestibule of Hell
 85671 | Hell     | Noticed Geryon
 86052 | Depths:3 | Found Saxtunih's Weapon Shop.
 87334 | Vaults:4 | Bought runed fire dragon scales for 6300 gold pieces
 87521 | Vaults:5 | Entered Level 5 of the Vaults
 87804 | Depths:2 | Reached XP level 24. HP: 210/226 MP: 46/46
 87866 | Depths:2 | Reached skill level 1 in Maces & Flails
 87955 | Depths:2 | Identified the +7 chain mail "Hipto" {+Blink Dex+6}
 87956 | Depths:2 | Noticed a juggernaut
 87989 | Depths:2 | Killed a juggernaut
 89195 | Depths:2 | Reached skill level 5 in Armour
 90406 | Depths:3 | Found a broken altar of Ashenzari.
 90795 | Depths:3 | Identified the ring "Jeqits Moiq" {Fly Int+5}
 90807 | Depths:3 | Identified the +9 demon trident "Wonkyp" {freeze, *Slow
                  | rC+++ rCorr Str-5}
 91411 | Depths:3 | Reached skill level 17 in Spellcasting
 91435 | Depths:3 | HP: 6/226 [frost giant/bolt of cold (54)]
 91461 | Depths:3 | Killed from afar by an ice dragon

Illustrated notes

.## *+* ,,.#.P* ##......#* ..#
,*, ...*###........ .###
*#..*###.....>.. * .### *
##.####)........ ..## ≈
####..##........... *
..######$W(#.......#.........#
..##########.#..............##
..#.#..............#.......##
...#...#........@..###..#..#
.....##.............###...##*
....#.................###....*
* >...##.##.............#
*##.. *
.....###.#.(.......P### *##,,
....##########...#### ** ,
.....## ##### , ......# ,
..P..##


Turn 12063 on Lair:1: S

Levels and vault maps discovered:
D:1:      giann_horns, layout_loops_ring, hellmonk_ecumenical_altar_arch_garden
D:2:      layout_basic, serial_rivers, chequers_serial_rivers_micro_c,
          chequers_serial_rivers_marsh, chequers_serial_rivers_marsh,
          chequers_serial_rivers_small_3, minmay_cut_off
D:3:      layout_loops_ring, amcnicky_altar_gilded, serial_shops,
          nicolae_shop_statue_plus, kennysheep_generic_room_8
D:4:      layout_loops_ring
D:5:      layout_cave_pools, gup_sewer_entry_spiral, kennysheep_generic_room_16
D:6:      layout_cave_pods, uniq_edmund, uniq_pikel
D:7:      layout_loops_cross, temple_hall, sword_in_stone
D:8:      layout_basic, grunt_lair_entry_orc_guard_hut, minmay_misc_feat_columns
D:9:      layout_basic, serial_shops, shop, nicolae_square_shop,
          nicolae_square_shop, shop_coins, grunt_ministairs_3,
          minmay_statue_bubble
D:10:     layout_basic, enter_bailey_7, uniq_fannar
D:11:     layout_rooms, erik_orc_1, uniq_erolcha, uniq_sonja, uniq_harold,
          uniq_grum
D:12:     gammafunk_corrupted_shrine, layout_basic, serial_co_window_serial,
          co_window_paths_a, co_window_cross_1, co_window_of_opportunity_a,
          co_window_paths_a, co_window_paths_a, co_window_paths_b,
          co_window_corner_ca, co_window_paths_c, co_window_2corner,
          co_window_corner_b, co_window_2corner, co_window_4corner_b,
          co_window_paths_e, glass_columns_b, glass_columns_a, uniq_azrael
D:13:     minmay_bloctagon_deflated, layout_basic,
          gammafunk_ghost_wrathful_warriors, minmay_crystal_water,
          hangedman_abyss_or_decor_stagger, uniq_frances
D:14:     layout_irregular_city, erik_vaults_1, minmay_misc_feat_plants
D:15:     grunt_enter_depths_hoard, layout_cave_pods, serial_park_gazebo
          [serial_park_minivault_5x5_7], uniq_agnes
Lair:1:   layout_cave_pods, ebering_ghost_reflecting_pool
Lair:2:   wad_woods_structure_01, layout_loops_ring, elwin_shoals_entry_stream,
          basic_altar, uniq_erica
Lair:3:   layout_misc_corridors, st_stairs_4, lemuel_fruit_fields,
          lemuel_fruit_fields, uniq_snorg
Lair:4:   layout_loops_ring, nicolae_spider_entry_non_spiders
Lair:5:   layout_loops_ring, beast_lair_carwin_5, uniq_nessos
Lair:6:   cheibrodos_lair_end_hotspot, layout_gridlike, slime_altar_2,
          lemuel_fruit_tree
Shoals:1: layout_shoals, nicolae_shoals_siren_and_animal_friends
Shoals:2: nicolae_shoals_lighthouse, layout_shoals, serial_shops, shop_coins
Shoals:3: layout_shoals, portal_ice_cave_entry_ice_statue_one, serial_shops,
          nicolae_diamond_shop, uniq_bai_suzhen, uniq_ilsuiw
Shoals:4: shoals_end_grunt_ice, layout_shoals
Spider:1: layout_chambers
Spider:2: layout_spider_delve, nicolae_spider_shape, uniq_louise
Spider:3: layout_spider_delve, drop_trap
Spider:4: guppyfry_spider_rune
Orc:1:    layout_caves
Orc:2:    st_orc_open, layout_caves, serial_shops, shop, uniq_maurice
Elf:1:    minmay_the_grid_triangle_9x9_recursive_2_mashed
          [minmay_the_grid_triangle_9x9_prize_top_heavy,
          minmay_the_grid_triangle_9x9_dagger,
          minmay_the_grid_triangle_9x9_from_above,
          minmay_the_grid_triangle_9x9_shrine], layout_loops_ring, serial_shops,
          nicolae_diamond_shop, minmay_elf_sorcery
Elf:2:    nicolae_elf_blades_crystal_corner, layout_geoelf_diagonals,
          serial_shops, nicolae_shop_window_shopping, shop,
          nicolae_shop_crystal, shop, nicolae_stop_n_shop_2, drop_trap,
          nicolae_elf_big_sculpture_1
Elf:3:    minmay_elf_hall_spiked, layout_geoelf_castle,
          gammafunk_ghost_fury_of_okawaru, st_stairs_8, grunt_ministairs_15
Vaults:1: nicolae_vaults_angled_halls, v_rooms_5,
          nicolae_vaults_diagonal_hallway_8, nicolae_vaults_border_crossing,
          nicolae_vaults_stairing_the_circle, v_pattern_4,
          vaults_room_door_hall, v_misc_28, layout_vaults_big_room
Vaults:2: hangedman_vaults_river_flow, ontoclasm_vaults_hangar,
          vaults_mumra_chevron, ontoclasm_vaults_misaligned,
          nicolae_vaults_know_your_exits, v_alt_pattern_5,
          vaults_dpeg_encased_lava, minmay_crypt_entry_simple_statues,
          v_misc_11, layout_vaults_quadrants
Vaults:3: nicolae_vaults_network_star, nicolae_vaults_network_square,
          vaults_room_boxed, nicolae_vaults_network_quinsquares
          [nicolae_vaults_network_quincunx_subvault,
          nicolae_vaults_network_quincunx_subvault,
          nicolae_vaults_network_quincunx_subvault,
          nicolae_vaults_network_quincunx_subvault], vaults_dpeg_spiral,
          v_rooms_1, v_misc_25, nicolae_vaults_little_squares_1,
          ontoclasm_vaults_shout, nicolae_vaults_diagonal_hallway_8,
          dpeg_vaults_monster_box, vaults_room_semicircle,
          layout_vaults_omnicross
Vaults:4: v_misc_5, v_misc_30, v_misc_14, kennysheep_vaults_gozag_temple,
          ontoclasm_vaults_hangar, nicolae_vaults_three_branches,
          ontoclasm_vaults_claustrophobia, nicolae_vaults_angled_halls,
          nicolae_vaults_back_hallway, ontoclasm_vaults_eye, v_misc_12,
          hangedman_vaults_impose, vaults_room_door_ring,
          vaults_mumra_minichess_inversion, vaults_dpeg_hooks,
          layout_vaults_maze_snakey, enter_trove_6, uniq_donald, uniq_aizul,
          uniq_mennas
Vaults:5: serial_shops
Depths:1: layout_gridlike, hex_intersection, ebering_ghost_rock_garden,
          hell_entry, drop_trap, hex_large, serial_sigils_hangedman_clutch,
          minivault_1, minmay_shop_grove, serial_bayou_shore_b
Depths:2: kennysheep_water_balloons, layout_long_grid, minmay_misc_feat_cross,
          hell_entry, serial_glass, glass_columns_a, glass_columns_b,
          nicolae_two_hexagons, lemuel_flamethrower_2
Depths:3: thingy_vault, layout_gridlike, serial_shops,
          nicolae_shop_window_shopping, pan_entry, evilmike_ruin_ashenzari,
          hellmouth_2, hangedman_abyss_or_decor_jellyfish_corner
Hell

Skill      XL: |  1  2  3  4  5  6  7  8  9 10 11 12 13 14 15 16 17 18 19 20 21 22 23 24 |
---------------+-------------------------------------------------------------------------+-----
Conjurations   | 5 8 9 10 13 14 | 14.5
Fighting       | 1 2 5 6 7 9 11 12 13 | 13.0
Dodging        | 2 3 4 6 7 8 9 |  9.4
Hexes          | 1 3 4 5 8 9 11 14 | 14.6
Axes           | 3 4 5 6 10 | 10.7
Spellcasting   | 3 5 9 10 12 13 15 16 17 | 17.1
Stealth        | 5 |  5.5
Armour         | 3 8 |  8.0
Earth Magic    | 3 7 8 10 12 13 14 | 14.7
Shields        | 3 4 |  4.0
Translocations | 3 8 12 14 | 14.5
Long Blades    | 1 |  1.6
Evocations     | 3 5 |  5.0
Staves         | 6 7 8 |  8.3
Air Magic      | 2 7 |  7.2
Polearms       | 8 9 |  9.1
Maces & Flails | 1 |  1.1
Fire Magic     | |  0.8

Action                   |  1- 3 |  4- 6 |  7- 9 | 10-12 | 13-15 | 16-18 | 19-21 | 22-24 || total
-------------------------+-------+-------+-------+-------+-------+-------+-------+-------++-------
Melee: Dagger            |    18 |     7 |       |       |       |       |       |       ||    25
       Battleaxe         |       |       |   116 |   245 |       |       |       |       ||   361
       Long sword        |       |       |       |    52 |    82 |       |       |       ||   134
       Staff             |       |       |       |       |   496 |   720 |   725 |   151 ||  2092
       Constrict         |       |       |       |       |   127 |   120 |   142 |   120 ||   509
       Demon trident     |       |       |       |       |       |       |       |   246 ||   246
       War axe           |       |       |       |       |       |       |       |   527 ||   527
Throw: Javelin           |       |       |       |       |     1 |       |       |       ||     1
       Dart              |       |       |       |       |       |     1 |       |       ||     1
 Cast: Magic Dart        |    44 |    68 |   109 |   162 |   311 |   222 |   120 |    58 ||  1094
       Searing Ray       |     2 |     7 |    24 |    31 |    24 |     5 |       |       ||    93
       Fulminant Prism   |       |       |     9 |    38 |    81 |    69 |   114 |   166 ||   477
       Iskenderun's Myst |       |       |       |    16 |    26 |    31 |    30 |    24 ||   127
       Stone Arrow       |       |       |       |    13 |   208 |   191 |     7 |       ||   419
       Fireball          |       |       |       |     2 |     1 |     6 |    13 |       ||    22
       Leda's Liquefacti |       |       |       |     1 |     8 |     2 |     7 |     2 ||    20
       Dazzling Flash    |       |       |       |     1 |     2 |       |       |       ||     3
       Blink             |       |       |       |       |     1 |     3 |     1 |       ||     5
       Passage of Golubr |       |       |       |       |     1 |    32 |    16 |    10 ||    59
       Iskenderun's Batt |       |       |       |       |       |    27 |    17 |    10 ||    54
       Mephitic Cloud    |       |       |       |       |       |     1 |     1 |     1 ||     3
       Lehudib's Crystal |       |       |       |       |       |    32 |    91 |    46 ||   169
       Passwall          |       |       |       |       |       |     2 |     2 |       ||     4
       Lightning Bolt    |       |       |       |       |       |       |     6 |    14 ||    20
       Disjunction       |       |       |       |       |       |       |     2 |       ||     2
       Discord           |       |       |       |       |       |       |     1 |       ||     1
Invok: Curse Item        |     2 |     1 |     2 |     3 |     7 |     1 |     2 |     2 ||    20
       Shatter the Chain |       |       |       |     3 |     2 |     2 |     1 |     3 ||    11
 Abil: Spit Poison       |       |       |       |     1 |       |       |       |       ||     1
Evoke: Wand              |       |       |     2 |       |     1 |     1 |     1 |       ||     5
       Condenser vane    |       |       |       |       |       |       |     1 |       ||     1
  Use: Scroll            |       |     1 |       |    14 |    10 |     6 |     6 |    14 ||    51
       Potion            |       |       |       |       |     5 |     7 |     3 |       ||    15
 Stab: Sleeping          |     1 |     3 |     6 |     2 |       |     4 |     1 |     6 ||    23
       Confused          |       |       |       |       |     1 |       |     1 |       ||     2
       Distracted        |       |       |       |       |       |     1 |     2 |       ||     3
Armor: Robe              |     4 |       |    34 |    43 |       |       |       |       ||    81
       Leather armour    |       |       |       |   208 |   373 |       |       |       ||   581
       Troll leather arm |       |       |       |       |    31 |   502 |   417 |   509 ||  1459
       Fire dragon scale |       |       |       |       |       |       |       |   106 ||   106
Dodge: Dodged            |    13 |    14 |    86 |   278 |   498 |   879 |   619 |   634 ||  3021
Block: Buckler           |       |       |       |    20 |   143 |   228 |   148 |   138 ||   677
       Rpst.: Long sword |       |       |       |    17 |    22 |       |       |       ||    39
